NWL (28 & UNDER)
MOOSE JAW GHOSTBUSTERS @ RIVERSIDE RED BULLS
08/08/2026
 
TOP OF THE 1ST
Moose Jaw Ghostbusters batting - Pitching for Riverside Red Bulls : RHP Guy Hebert
Pitching: RHP Guy Hebert
Batting: RHB Manuel Pérez 0-0: Ball
1-0: Foul Ball, location: 2F
1-1: Called Strike
1-2: Ball
2-2: Ball
3-2: Base on Balls
Batting: LHB Will Vale 0-0: Ball
Manuel Pérez steals 2nd base
1-0: Called Strike
1-1: Ball
2-1: Ball
3-1: Base on Balls
Batting: RHB John Major 0-0: SINGLE (Flyball, 9LS)
Manuel Pérez to third
Will Vale to second
Batting: RHB Paco Hernández 0-0: Ball
1-0: Ball
2-0: Swinging Strike
2-1: Swinging Strike
2-2: Strikes out swinging
Batting: LHB Dave Stewart 0-0: Ball
1-0: Ball
2-0: Foul Ball, location: 2F
2-1: Foul Ball, location: 2F
2-2: Strikes out looking
Batting: SHB Martín Cruz 0-0: Called Strike
0-1: Foul Ball, location: 2F
0-2: Ground out 3-1 (Groundball, 34)
Top of the 1st over - 0 run(s), 1 hit(s), 0 error(s), 3 left on base; Moose Jaw 0 - Riverside 0
BOTTOM OF THE 1ST
Riverside Red Bulls batting - Pitching for Moose Jaw Ghostbusters : LHP Martin White
Pitching: LHP Martin White
Batting: RHB Kelly Jones 0-0: Ball
1-0: Swinging Strike
1-1: Called Strike
1-2: Foul Ball, location: 2F
1-2: Strikes out swinging
Batting: RHB Pedro Mata 0-0: Ball
1-0: Ball
2-0: Ball
3-0: Called Strike
3-1: Ground out 5-3 (Groundball, 56S)
Batting: LHB Paco Rivera 0-0: Hit by Pitch
Batting: RHB Earnest Finnegan 0-0: Called Strike
0-1: Foul Ball, location: 2F
0-2: SINGLE (Groundball, 13) (infield hit)
Paco Rivera to second
Batting: RHB Brandon Pope 0-0: Ball
1-0: Swinging Strike
1-1: Ball
2-1: SINGLE (Line Drive, 4MD)
Paco Rivera to third
Earnest Finnegan to second
Runner from 3rd tries for Home, SAFE, no throw or cutoff
Batting: RHB José Vázquez 0-0: Swinging Strike
0-1: Foul Ball, location: 2F
0-2: Fly out, F9 (Flyball, 9M)
Bottom of the 1st over - 1 run(s), 2 hit(s), 0 error(s), 2 left on base; Moose Jaw 0 - Riverside 1
TOP OF THE 2ND
Moose Jaw Ghostbusters batting - Pitching for Riverside Red Bulls : RHP Guy Hebert
Batting: RHB Nicholas Harris 0-0: Called Strike
0-1: Ball
1-1: Swinging Strike
1-2: Strikes out swinging
Batting: RHB Shawn Bane 0-0: Called Strike
0-1: Swinging Strike
0-2: Ground out 4-3 (Groundball, 4)
Batting: RHB Don Turner 0-0: Bunt missed!
0-1: Ball
1-1: Fly out, F7 (Line Drive, 78S)
Top of the 2nd over - 0 run(s), 0 hit(s), 0 error(s), 0 left on base; Moose Jaw 0 - Riverside 1
BOTTOM OF THE 2ND
Riverside Red Bulls batting - Pitching for Moose Jaw Ghostbusters : LHP Martin White
Batting: RHB Fernando Gálvez 0-0: Called Strike
0-1: Ball
1-1: Ball
2-1: SINGLE (Groundball, 56D)
Batting: RHB Enrique Flores 0-0: Swinging Strike
0-1: Ball
1-1: Foul Ball, location: 2F
1-2: Ball
2-2: Foul Ball, location: 2F
2-2: Ball
3-2: Base on Balls
Fernando Gálvez to second
Batting: RHB Jesús Naút 0-0: Called Strike
0-1: Ball
1-1: Ball
2-1: Swinging Strike
2-2: Ball
3-2: Base on Balls
Fernando Gálvez to third
Enrique Flores to second
Batting: RHB Kelly Jones 0-0: Called Strike
0-1: Swinging Strike
0-2: Strikes out swinging
Batting: RHB Pedro Mata 0-0: Ball
1-0: Foul Ball, location: 2F
1-1: Called Strike
1-2: Hit by Pitch
Fernando Gálvez scores
Enrique Flores to third
Jesús Naút to second
Batting: LHB Paco Rivera 0-0: Foul Ball, location: 2F
0-1: Foul Ball, location: 2F
0-2: Ball
1-2: Ball
2-2: Fly out, F6 (Popup, 6D)
Batting: RHB Earnest Finnegan 0-0: Called Strike
0-1: Ball
1-1: Ground out 5-3 (Groundball, 5)
Bottom of the 2nd over - 1 run(s), 1 hit(s), 0 error(s), 3 left on base; Moose Jaw 0 - Riverside 2
TOP OF THE 3RD
Moose Jaw Ghostbusters batting - Pitching for Riverside Red Bulls : RHP Guy Hebert
Batting: RHB Manuel Pérez 0-0: Called Strike
0-1: Foul Ball, location: 2F
0-2: Fly out, F7 (Flyball, 78M)
Batting: LHB Will Vale 0-0: Ball
1-0: Ball
2-0: Ball
3-0: Base on Balls
Batting: RHB John Major 0-0: Called Strike
Single, Error in OF, E8, batter to second base
Will Vale to third
Batting: RHB Paco Hernández 0-0: Swinging Strike
0-1: Ball
1-1: Ball
2-1: Called Strike
2-2: Strikes out looking
Batting: LHB Dave Stewart 0-0: Ball
1-0: Ball
2-0: Foul Ball, location: 2F
2-1: Ground out 4-3 (Groundball, 4)
Top of the 3rd over - 0 run(s), 1 hit(s), 1 error(s), 2 left on base; Moose Jaw 0 - Riverside 2
BOTTOM OF THE 3RD
Riverside Red Bulls batting - Pitching for Moose Jaw Ghostbusters : LHP Martin White
Batting: RHB Brandon Pope 0-0: Ball
1-0: Ball
2-0: SINGLE (Line Drive, 6MD)
Batting: RHB José Vázquez 0-0: Ball
1-0: Grounds into double play, 6-4-3 (Groundball, 6M)
Batting: RHB Fernando Gálvez 0-0: Ball
1-0: DOUBLE (Popup, 9LS)
Batting: RHB Enrique Flores 0-0: Called Strike
0-1: Ball
1-1: Called Strike
1-2: Ball
2-2: Foul Ball, location: 2F
2-2: Ground out 1-3 (Groundball, 23)
Bottom of the 3rd over - 0 run(s), 2 hit(s), 0 error(s), 1 left on base; Moose Jaw 0 - Riverside 2
TOP OF THE 4TH
Moose Jaw Ghostbusters batting - Pitching for Riverside Red Bulls : RHP Guy Hebert
Batting: SHB Martín Cruz 0-0: Foul Ball, location: 2F
0-1: Ball
1-1: Ball
2-1: Foul Ball, location: 2F
2-2: Ground out 4-3 (Groundball, 4)
Batting: RHB Nicholas Harris 0-0: SINGLE (Groundball, 56D)
Batting: RHB Shawn Bane 0-0: Ball
1-0: Ball
2-0: Ball
3-0: Called Strike
3-1: Foul Ball, location: 2F
3-2: Foul Ball, location: 2F
3-2: Ground out 5-3 (Groundball, 56S)
Nicholas Harris to second
Batting: RHB Don Turner 0-0: Ball
1-0: Called Strike
1-1: Foul Ball, location: 2F
1-2: Foul Ball, location: 2F
1-2: Strikes out swinging
Top of the 4th over - 0 run(s), 1 hit(s), 0 error(s), 1 left on base; Moose Jaw 0 - Riverside 2
BOTTOM OF THE 4TH
Riverside Red Bulls batting - Pitching for Moose Jaw Ghostbusters : LHP Martin White
Batting: RHB Jesús Naút 0-0: Ball
1-0: Foul Ball, location: 2F
1-1: Ball
2-1: Swinging Strike
2-2: Ball
3-2: Ground out 5-3 (Groundball, 56S)
Batting: RHB Kelly Jones 0-0: Called Strike
0-1: Ball
1-1: Fly out, F9 (Flyball, 9D)
Batting: RHB Pedro Mata 0-0: Ball
1-0: DOUBLE (Groundball, 5L)
Batting: LHB Paco Rivera 0-0: Fly out, F8 (Flyball, 8RM)
Bottom of the 4th over - 0 run(s), 1 hit(s), 0 error(s), 1 left on base; Moose Jaw 0 - Riverside 2
TOP OF THE 5TH
Moose Jaw Ghostbusters batting - Pitching for Riverside Red Bulls : RHP Guy Hebert
Batting: RHB Manuel Pérez 0-0: Called Strike
0-1: Swinging Strike
0-2: Foul Ball, location: 2F
0-2: Ball
1-2: Foul Ball, location: 2F
1-2: Ball
2-2: Foul Ball, location: 2F
2-2: Ball
3-2: Foul Ball, location: 2F
3-2: Strikes out swinging
Batting: LHB Will Vale 0-0: Foul Ball, location: 2F
0-1: Called Strike
0-2: Ball
1-2: Strikes out looking
Batting: RHB John Major 0-0: Ball
1-0: Ball
2-0: Ball
3-0: Base on Balls
Batting: RHB Paco Hernández 0-0: Ball
1-0: Ball
2-0: Ball
3-0: Foul Ball, location: 2F
3-1: Foul Ball, location: 2F
3-2: Foul Ball, location: 2F
3-2: Strikes out swinging
Top of the 5th over - 0 run(s), 0 hit(s), 0 error(s), 1 left on base; Moose Jaw 0 - Riverside 2
BOTTOM OF THE 5TH
Riverside Red Bulls batting - Pitching for Moose Jaw Ghostbusters : LHP Martin White
Batting: RHB Earnest Finnegan 0-0: SINGLE (Groundball, 3D)
Batting: RHB Brandon Pope 0-0: Ball
1-0: Fly out, F7 (Flyball, 78D)
Pitching: RHP Rod Walters
Batting: RHB José Vázquez 0-0: Ball
1-0: Foul Ball, location: 2F
1-1: Ball
2-1: Called Strike
Earnest Finnegan steals 2nd base
2-2: Ground out 5-3 (Groundball, 56)
Batting: RHB Fernando Gálvez 0-0: Ball
1-0: Ball
2-0: Ball
3-0: Called Strike
3-1: Base on Balls
Batting: RHB Enrique Flores 0-0: Ball
1-0: Foul Ball, location: 2F
1-1: Foul Ball, location: 2F
1-2: Fly out, F7 (Flyball, 78M)
Bottom of the 5th over - 0 run(s), 1 hit(s), 0 error(s), 2 left on base; Moose Jaw 0 - Riverside 2
TOP OF THE 6TH
Moose Jaw Ghostbusters batting - Pitching for Riverside Red Bulls : RHP Guy Hebert
Pitching: LHP Joe Phillips
Batting: LHB Dave Stewart 0-0: SINGLE (Line Drive, 89M)
Pitching: RHP Omar Camacho
Batting: SHB Martín Cruz 0-0: Foul Ball, location: 2F
0-1: Fly out, F8 (Flyball, 8LM)
Batting: RHB Nicholas Harris 0-0: Ball
1-0: Called Strike
1-1: Ball
2-1: Foul Ball, location: 2F
2-2: Strikes out swinging
Batting: RHB Shawn Bane 0-0: Ball
1-0: Called Strike
1-1: DOUBLE (Groundball, 3L)
Dave Stewart to third
Runner from 3rd tries for Home, SAFE, no throw or cutoff
Batting: RHB Don Turner 0-0: Called Strike
0-1: DOUBLE (Line Drive, 9LM)
Shawn Bane scores
Batting: RHB Manuel Pérez 0-0: Ball
1-0: Ball
2-0: Ground out 5-3 (Groundball, 5S)
Top of the 6th over - 2 run(s), 3 hit(s), 0 error(s), 1 left on base; Moose Jaw 2 - Riverside 2
BOTTOM OF THE 6TH
Riverside Red Bulls batting - Pitching for Moose Jaw Ghostbusters : RHP Rod Walters
Batting: RHB Jesús Naút 0-0: Called Strike
0-1: Ball
1-1: Fly out, F6 (Popup, 4M)
Batting: RHB Kelly Jones 0-0: Called Strike
0-1: Ball
1-1: Foul Ball, location: 2F
1-2: Ball
2-2: Ball
3-2: Base on Balls
Batting: RHB Pedro Mata 0-0: Ball
1-0: Ball
2-0: Ball
3-0: Base on Balls
Kelly Jones to second
Batting: LHB Paco Rivera 0-0: DOUBLE (Flyball, 9LM)
Kelly Jones scores
Pedro Mata to third
Batting: RHB Earnest Finnegan 0-0: Ball
1-0: Called Strike
1-1: Fly out, F8 (Flyball, 8LM)
Runner from 3rd tags up, SCORES, throw made
Now in CF: John Christopher
Batting: RHB Brandon Pope 0-0: Ball
1-0: Ball
2-0: Foul Ball, location: 2F
2-1: Called Strike
2-2: Fly out, F9 (Popup, 9S)
Bottom of the 6th over - 2 run(s), 1 hit(s), 0 error(s), 1 left on base; Moose Jaw 2 - Riverside 4
TOP OF THE 7TH
Moose Jaw Ghostbusters batting - Pitching for Riverside Red Bulls : RHP Omar Camacho
Batting: LHB Will Vale 0-0: Foul Ball, location: 2F
0-1: Ball
1-1: Ball
2-1: Swinging Strike
2-2: Strikes out swinging
Batting: RHB John Major 0-0: Ball
1-0: Ground out 6-3 (Groundball, 6)
Batting: RHB Paco Hernández 0-0: Swinging Strike
0-1: Foul Ball, location: 2F
0-2: Strikes out swinging
Top of the 7th over - 0 run(s), 0 hit(s), 0 error(s), 0 left on base; Moose Jaw 2 - Riverside 4
BOTTOM OF THE 7TH
Riverside Red Bulls batting - Pitching for Moose Jaw Ghostbusters : RHP Rod Walters
Batting: RHB José Vázquez 0-0: Foul Ball, location: 2F
0-1: Ball
1-1: Ball
2-1: Called Strike
2-2: Foul Ball, location: 2F
2-2: Fly out, F7 (Flyball, 78M)
Batting: RHB Fernando Gálvez 0-0: Called Strike
0-1: Swinging Strike
0-2: Ball
1-2: Strikes out swinging
Batting: RHB Enrique Flores 0-0: Ball
1-0: Ball
2-0: Called Strike
2-1: Foul Ball, location: 2F
2-2: Foul Ball, location: 2F
2-2: Ball
3-2: Strikes out looking
Bottom of the 7th over - 0 run(s), 0 hit(s), 0 error(s), 0 left on base; Moose Jaw 2 - Riverside 4
TOP OF THE 8TH
Moose Jaw Ghostbusters batting - Pitching for Riverside Red Bulls : RHP Omar Camacho
Pitching: RHP José López
Batting: LHB John Christopher 0-0: Ball
1-0: Ball
2-0: Called Strike
2-1: Called Strike
2-2: Strikes out swinging
Batting: SHB Martín Cruz 0-0: Ground out 6-3 (Groundball, 6M)
Batting: RHB Nicholas Harris 0-0: Foul Ball, location: 2F
0-1: SOLO HOME RUN (Flyball, 9D), Distance : 414 ft
Pitching: LHP Raúl Sandoval
Batting: RHB Shawn Bane 0-0: Ball
1-0: Foul Ball, location: 2F
1-1: Ground out 3-1 (Groundball, 34S)
Top of the 8th over - 1 run(s), 1 hit(s), 0 error(s), 0 left on base; Moose Jaw 3 - Riverside 4
BOTTOM OF THE 8TH
Riverside Red Bulls batting - Pitching for Moose Jaw Ghostbusters : RHP Rod Walters
Batting: RHB Jesús Naút 0-0: Called Strike
0-1: Ball
1-1: Ball
2-1: Swinging Strike
2-2: Strikes out looking
Batting: RHB Kelly Jones 0-0: Called Strike
0-1: Called Strike
0-2: Ball
1-2: Fly out, F4 (Popup, 6MS)
Batting: RHB Pedro Mata 0-0: Called Strike
0-1: Ball
1-1: Called Strike
1-2: Foul Ball, location: 2F
1-2: Ground out 6-3 (Groundball, 6)
Bottom of the 8th over - 0 run(s), 0 hit(s), 0 error(s), 0 left on base; Moose Jaw 3 - Riverside 4
TOP OF THE 9TH
Moose Jaw Ghostbusters batting - Pitching for Riverside Red Bulls : LHP Raúl Sandoval
Pitching: RHP Alberto Gutiérrez
Now at SS: Kevin Brown
Batting: RHB Don Turner 0-0: Called Strike
0-1: Called Strike
0-2: Strikes out swinging
Batting: RHB Manuel Pérez 0-0: Ground out 4-3 (Groundball, 4)
Batting: LHB Will Vale 0-0: Ground out 5-3 (Groundball, 56)
Top of the 9th over - 0 run(s), 0 hit(s), 0 error(s), 0 left on base; Moose Jaw 3 - Riverside 4
Monday, December 5th, 2016 - OOTP Baseball 17.12 Build 75